 Dungeon Crawl Stone Soup version 0.18.1-48-g4cf74bf (webtiles) character file.

555 juanjsm the Digger (level 7, -7/37 HPs)
             Began as a Gargoyle Earth Elementalist on June 30, 2016.
             Hit by a tomahawk thrown by an orc warrior (9 damage)
             ... on level 4 of the Dungeon.
             The game lasted 00:36:04 (4986 turns).

juanjsm the Digger (Gargoyle Earth Elementalist)    Turns: 4986, Time: 00:36:05

Health: -7/37      AC:  7    Str: 11    XL:     7   Next: 30%
Magic:  9/14       EV: 12    Int: 18    God:
Gold:   130        SH:  0    Dex: 13    Spells: 3 memorised, 7 levels left

rFire  . . .     SeeInvis .     b - 248 stones
rCold  . . .     Gourm    .     a - +0 robe
rNeg   + . .     Faith    .     (no shield)
rPois  ∞         Spirit   .     (no helmet)
rElec  +         Dismiss  +     (no cloak)
rCorr  .         Reflect  .     (no gloves)
SustAt .         Harm     .     n - +0 pair of boots (curse)
MR     .....     Rnd*Tele +     e - amulet of dismissal
Stlth  ++........               m - +3 ring of dexterity
                                l - ring of teleportation (curse)

@: not resistant to hostile enchantments, unstealthy
A: negative energy resistance 1, electricity resistance, unbreathing,
petrification resistance, rot immunity, AC +4
a: no special abilities


You were on level 4 of the Dungeon.
You were not hungry.

You visited 1 branch of the dungeon, and saw 4 of its levels.

You collected 130 gold pieces.

Inventory:

Hand Weapons
 i - a +1 dagger of speed
 p - a +0 whip
 D - a +1 flail of holy wrath
 F - a +0 dagger of protection
Missiles
 b - 248 stones (in hand)
Armour
 a - a +0 robe (worn)
 n - a cursed +0 pair of boots (worn)
 q - a +0 large shield
 x - a +2 leather armour of magic resistance
Jewellery
 e - an amulet of dismissal (around neck)
 l - a cursed ring of teleportation (left hand)
 m - a +3 ring of dexterity (right hand)
Scrolls
 f - 2 scrolls of random uselessness {unknown}
 h - 12 scrolls of identify {unknown}
 k - a scroll of magic mapping {unknown}
 r - 2 scrolls of noise {unknown}
 t - 3 scrolls of remove curse {unknown}
 u - 2 scrolls of teleportation {unknown}
 v - 3 scrolls of fog {unknown}
 y - a scroll of enchant armour {unknown}
 z - a scroll of blinking {unknown}
 A - 2 scrolls of recharging {unknown}
Potions
 s - a potion of brilliance {unknown}
 w - a potion of resistance {unknown}
 B - a potion of agility {unknown}
 E - 2 potions of lignification {unknown}
 G - a potion of beneficial mutation {unknown}
Books
 c - a book of Geomancy

   Spells                             Type                      Level
   a - Sandblast                      Earth                        1
   b - Passwall                       Transmutation/Earth          2
   c - Stone Arrow                    Conjuration/Earth            3
   d - Petrify                        Transmutation/Earth          4
   e - Lee's Rapid Deconstruction     Earth                        5
Comestibles
 d - 3 bread rations
 j - 3 beef jerkies
 o - a meat ration
 C - a chunk of flesh


   Skills:
 + Level 0.7 Fighting
 + Level 0.4 Maces & Flails
 + Level 0.7 Armour
 + Level 1.7 Dodging
 - Level 2.1 Stealth
 + Level 0.7 Shields
 * Level 5.2 Spellcasting
 + Level 2.9 Conjurations
   Level 0.7 Transmutations
 + Level 5.9 Earth Magic


You had 7 spell levels left.
You knew the following spells:

 Your Spells              Type           Power        Failure   Level  Hunger
a - Sandblast             Erth           ####..       1%          1    None
b - Stone Arrow           Conj/Erth      ###...       10%         3    ##.....
c - Lee's Rapid Deconstr  Erth           ####......   34%         5    ######.


Dungeon Overview and Level Annotations

Branches:
Dungeon (4/15)
 Temple: D:4-7

Altars:
Dithmenos
Nemelex Xobeh
Ru

Annotations:
D:4 Eustachio


Innate Abilities, Weirdness & Mutations

You are resistant to torment.
Your stone body is resilient (AC +4).
You are immune to poison.
You resist negative energy.
You are resistant to electric shocks.
You can survive without breathing.
You are immune to petrification.
You are immune to rotting.


Message History

The orc warrior is moderately wounded.
The orc warrior hits you with a short sword!
* * * LOW HITPOINT WARNING * * *
Drink which item? (? for menu, Esc to quit)
You feel better.
The orc warrior hits you with a short sword!
* * * LOW HITPOINT WARNING * * *
Drink which item? (? for menu, Esc to quit)
You feel better. The orc warrior barely misses you.
Casting: Sandblast
Confirm with . or Enter, or press ? or * to list all spells.
Aiming: Sandblast
Press: ? - help, Shift-Dir - straight line, f/p - orc warrior
Aim: an orc warrior, wielding a short sword and wearing a chain mail (moderately wounded)
The rocky blast misses the orc warrior.
The orc warrior hits you with a short sword!
* * * LOW HITPOINT WARNING * * *
The orc warrior throws a tomahawk.
The tomahawk closely misses you.
The orc warrior throws a tomahawk.
The tomahawk hits you!
You die...

#.....#.#
#.......#.# #.#
#...##.##.#
#.###....#.##.#
#......#.#.##.#
##.....#.#.##.#
#o#####.#....##
#.# #.......#
#.# #..####.#
#@# #..# #.#
#..(# #..####.#
## #####
#..#<##.# #.
#.<#.##.###.
#..#........
...####.###.
##.# #.###.
#..... #####.


You could see an orc warrior.

Vanquished Creatures
  An ogre (D:4)
  A scorpion (D:4)
  A howler monkey (D:4)
  A gnoll shaman (D:4)
  An orc priest (D:3)
  2 orc wizards (D:4)
  A worker ant (D:4)
  8 gnolls
  6 adders
  An ooze (D:4)
  4 worms
  3 dart slugs
  A giant gecko (D:2)
  12 orcs
  2 giant cockroaches
  7 goblins
  7 hobgoblins
  9 jackals
  A ball python (D:3)
  8 bats
  3 giant newts
  8 kobolds
  11 rats
99 creatures vanquished.

Notes
Turn   | Place    | Note
--------------------------------------------------------------
     0 | D:1      | juanjsm the Gargoyle Earth Elementalist began the quest for the Orb.
     0 | D:1      | Reached XP level 1. HP: 10/10 MP: 3/3
   376 | D:1      | Reached XP level 2. HP: 9/15 MP: 0/5
  1293 | D:2      | Reached XP level 3. HP: 13/19 MP: 0/7
  1305 | D:2      | Learned a level 3 spell: Stone Arrow
  1341 | D:2      | Found a sacrificial altar of Ru.
  1781 | D:2      | Reached XP level 4. HP: 24/24 MP: 0/8
  2091 | D:2      | Reached skill level 1 in Conjurations
  2240 | D:2      | Found a sparkling altar of Nemelex Xobeh.
  2808 | D:3      | Reached XP level 5. HP: 28/28 MP: 3/10
  3131 | D:3      | Reached skill level 5 in Earth Magic
  3938 | D:4      | Reached XP level 6. HP: 32/32 MP: 8/12
  4285 | D:4      | Noticed an orc warrior
  4334 | D:4      | Reached skill level 5 in Spellcasting
  4393 | D:4      | Learned a level 5 spell: Lee's Rapid Deconstruction
  4487 | D:4      | Reached XP level 7. HP: 27/37 MP: 11/14
  4884 | D:4      | Noticed Eustachio
  4906 | D:4      | Found a shadowy altar of Dithmenos.
  4982 | D:4      | HP: 1/37 [orc warrior/short sword (17)]
  4986 | D:4      | Hit by a tomahawk thrown by an orc warrior

Skill      XL: |  1  2  3  4  5  6 |
---------------+-------------------+-----
Earth Magic    | 4 5 |  5.9
Spellcasting   | 3 4 5 |  5.2
Conjurations   | 1 2 |  2.9
Fighting       | |  0.7
Maces & Flails | |  0.4
Armour         | |  0.7
Dodging        | |  1.7
Stealth        | |  2.1
Shields        | |  0.7
Transmutations | |  0.7

Action                   |  1- 3 |  4- 6 |  7- 9 || total
-------------------------+-------+-------+-------++-------
Melee: Dagger            |    57 |     8 |       ||    65
 Cast: Sandblast         |    75 |   142 |    29 ||   246
  Use: Potion            |       |     1 |     3 ||     4
 Stab: Sleeping          |     1 |       |       ||     1
  Eat: Chunk             |     3 |     8 |     2 ||    13
Armor: Robe              |    28 |    24 |     5 ||    57
Dodge: Dodged            |    67 |    53 |    14 ||   134
